 Dungeon Crawl Stone Soup version 0.27.1-34-g3ba077fa99 (webtiles) character file.

Game seed: 8707942219172218060

98 boopmooplesden the Shield-Bearer (level 4, -5/40 HPs)
             Began as a Minotaur Fighter on Jan 17, 2022.
             Succumbed to Sigmund's poison
             ... on level 3 of the Dungeon.
             The game lasted 00:02:09 (2007 turns).

boopmooplesden the Shield-Bearer (Minotaur Fighter) Turns: 2007, Time: 00:02:10

Health: -5/40      AC:  7    Str: 21    XL:     4   Next: 44%
Magic:  3/3        EV:  8    Int:  5    God:
Gold:   169        SH:  0    Dex: 10    Spells: 3/3 levels left

rFire    . . .     SeeInvis .   a - +0 long sword (flame)
rCold    . . .     Faith    .   c - +0 kite shield
rNeg     . . .     Spirit   .   b - +0 scale mail
rPois    .         Reflect  .   (helmet restricted)
rElec    .         Harm     .   (no cloak)
rCorr    .         Rampage  .   (no gloves)
Will     .....                  (no boots)
Stlth    ..........             (no amulet)
HPRegen  0.13/turn              (no ring)
MPRegen  0.08/turn              (no ring)

@: confused, lethally poisoned (-5 -> -31), flying
A: horns 2, retaliatory headbutt
a: no special abilities


You were on level 3 of the Dungeon.
You visited 1 branch of the dungeon, and saw 3 of its levels.

You collected 169 gold pieces.

Inventory:

Hand Weapons
 a - a +0 long sword of flaming (weapon)
Armour
 b - a +0 scale mail (worn)
 c - a +0 kite shield (worn)
Wands
 f - a wand of mindburst (6)
Scrolls
 j - a scroll of fear {unknown}
Potions
 d - a potion of might
 e - a potion of brilliance {unknown}
 h - a potion of haste
 i - a potion of magic {unknown}


   Skills:
 + Level 4.1 Fighting
 + Level 3.3 Long Blades
 + Level 4.2 Armour
 + Level 1.1 Dodging
 + Level 0.1 Stealth
 + Level 4.8 Shields


You had 3 spell levels left.
You didn't know any spells.
Your spell library contained the following spells:

 Spells                   Type           Power      Damage    Failure   Level
 Animate Skeleton         Necr           0%         N/A       99%         1
 Pain                     Necr           0%         1d4       99%         1
 Vampiric Draining        Necr           0%         2d6       100%        3


Dungeon Overview and Level Annotations

Branches:
Dungeon (3/15)

Altars:
The Shining One

Annotations:
D:3 Sigmund


Innate Abilities, Weirdness & Mutations

You have a pair of horns on your head.
You reflexively headbutt those who attack you in melee.


Message History

Sigmund is moderately wounded.
Sigmund closely misses you. You furiously retaliate!
You headbutt Sigmund. You closely miss Sigmund.
Sigmund is heavily wounded.
Sigmund hits you with a +1 scythe of venom.
You hit Sigmund but do no damage. Your headbutt misses Sigmund.
Sigmund is heavily wounded.
Sigmund gestures wildly while chanting.
Sigmund flickers and vanishes!
Deactivating autopickup; reactivate with Ctrl-A.
You closely miss something. Your headbutt misses something.
You block something's attack.
You miss something. You headbutt something!
You hear some strange, mumbled words.
Something tries to affect you, but you resist.
You closely miss something.
You hear some strange, mumbled words.
You are confused.
Something hits you!
You are poisoned.
Found an Inescapable Atlas.
You feel very sick.
You feel very sick. Something hits you.
You are more poisoned.
You feel very sick.
You hear some strange, mumbled words.
A puff of flame appears from out of thin air!
The puff of flame hits you.
* * * LOW HITPOINT WARNING * * *
You feel very sick. Something hits you!
* * * LOW HITPOINT WARNING * * *
You are more poisoned.
Okay, then.
Okay, then.
It was a potion of flight.
You feel very buoyant.
You fly up into the air.
You die...

###### ###
#.... ..#
### #.:.#
... ..#
#.#.## #.#
#.# ##{..#
#.# #.#
##@...#
####.# #.#
#....##
#..#.###.##
##....#
#.#.......
#....##
#...###.##
#....#
####.# #.#
##..†##
#.##.# #..
#...##
#....# ##.#
#..##
#.#### ..
#..# #.# ..


There were no monsters in sight!

Vanquished Creatures
  Robin (D:2)
  3 adders
  A worm (D:2)
  2 dart slugs (D:1)
  9 ball pythons
  An endoplasm (D:1)
  A giant cockroach (D:1)
  14 goblins
  4 hobgoblins
  A kobold (D:1)
  2 quokkas (D:1)
  4 bats
  5 frilled lizards
  7 rats
55 creatures vanquished.

Vanquished Creatures (others)
  21 plants
  3 withered plants (D:3)
24 creatures vanquished.

Grand Total: 79 creatures vanquished

Notes
Turn   | Place    | Note
-------+----------+-------------------------------------------
     0 | D:1      | boopmooplesden the Minotaur Fighter began the quest for the
                  | Orb.
     0 | D:1      | Reached XP level 1. HP: 19/19 MP: 0/0
   252 | D:1      | Reached XP level 2. HP: 27/27 MP: 1/1
   373 | D:1      | Found a faded altar of an unknown god.
   955 | D:2      | Reached XP level 3. HP: 33/33 MP: 2/2
   956 | D:2      | Noticed Robin
   964 | D:2      | Killed Robin
  1357 | D:2      | Reached skill level 1 in Dodging
  1621 | D:2      | Reached XP level 4. HP: 40/40 MP: 3/3
  1977 | D:3      | Found a glowing golden altar of the Shining One.
  1993 | D:3      | Noticed Sigmund
  2006 | D:3      | HP: 1/40 [something (10)]
  2007 | D:3      | Succumbed to Sigmund's poison

Illustrated notes

Levels and vault maps discovered:
D:1:      roderic_crop_circles_arrival_small, layout_loops_ring,
          dreamdust_ecumenical_altar_grove, corexii_corridor_pit
D:2:      kennysheep_the_goblin_king, layout_basic, serial_bayou_pond_c,
          grunt_ministairs_14, uniq_robin
D:3:      layout_loops_ring, nicolae_tso_carved_into_rock,
          kiku_gazebo_garden_becter, marbit_many_paths, uniq_sigmund

Skill      XL: |  1  2  3 |
---------------+----------+-----
Shields        | 4 |  4.8
Fighting       | 4 |  4.1
Armour         | 4 |  4.2
Long Blades    | 3 |  3.3
Dodging        | 1 |  1.1
Stealth        | |  0.1

Action                   |  1- 3 |  4- 6 || total
-------------------------+-------+-------++-------
Melee: Long sword        |    75 |    27 ||   102
       Headbutt          |    11 |     7 ||    18
  Use: Scroll            |     2 |       ||     2
       Potion            |       |     1 ||     1
Armor: Scale mail        |    39 |     8 ||    47
Dodge: Dodged            |    25 |    12 ||    37
Block: Kite shield       |    47 |    15 ||    62
       Rpst.: Long sword |     6 |     2 ||     8
